AoeStats
← СерыйСерый

Arena

510316003Analyzed
1v1 RM · 2d ago on Sep 30, 2026· 67m 6s· 2 players
Game mode
Random Map
Map size
Tiny (2 player)
Population
200
Speed
Normal
Resources
Standard
Victory
Conquest
Starting age
Dark Age
Ending age
Imperial Age
RankedLock teamsTeams togetherTeam positionsShared explorationLock speedFull tech treeHidden civsTurbo modeCheats
Victory
Defeat
🇨🇱 Mapuche · Chile
493
+14
🇷🇺 Vietnamese · Russia
446
-14
СерыйСерый
11:29 Feudal Age
12:47 Wheelbarrow
11:58 Loom
16:36 Horse Collar
16:46 Double-Bit Axe
23:16 Castle Age
21:34 Fletching
21:45 Padded Archer Armor
21:56 Forging
22:36 Arson
24:13 Thumb Ring
23:30 Crossbowman
25:24 Hand Cart
27:37 Chatras
30:21 Heavy Plow
31:05 Herbal Medicine
33:10 Bow Saw
34:03 Ballistics
35:54 Treadmill Crane
42:49 Imperial Age
42:05 Husbandry
42:18 Bloodlines
45:16 Squires
45:42 Paper Money
46:51 Elite Battle Elephant
48:32 Arbalester
49:18 Bodkin Arrow
49:29 Scale Barding Armor
50:00 Iron Casting
50:00 Murder Holes
51:07 Chemistry
50:24 Masonry
50:26 Fortified Wall
51:57 Crop Rotation
54:17 Two-Man Saw
59:17 Guilds
65:43 Light Cavalry
fabian8883073
0:28 Loom
13:05 Feudal Age
19:42 Castle Age
19:32 Stone Mining
21:29 Horse Collar
28:42 Gold Mining
33:16 Elite Skirmisher
35:47 Heavy Plow
35:42 Double-Bit Axe
39:27 Imperial Age
36:56 Pikeman
38:40 Wheelbarrow
39:31 Halberdier
46:59 Conscription
48:13 Malon
48:20 Butalmapu
48:48 Elite Bolas Rider
50:39 Crop Rotation
50:19 Bow Saw
50:45 Gold Shaft Mining
50:46 Stone Shaft Mining
50:45 Elite Kona
52:02 Hoardings
52:28 Padded Archer Armor
52:19 Fletching
52:40 Forging
52:30 Scale Mail Armor
55:24 Leather Archer Armor
55:05 Bodkin Arrow
55:46 Iron Casting
55:26 Chain Mail Armor
58:57 Ring Archer Armor
59:28 Blast Furnace
60:27 Sappers
61:16 Hand Cart
62:47 Chemistry
62:08 Ballistics
61:35 Arrowslits
61:46 Murder Holes
61:57 Siege Engineers
62:02 Masonry
61:33 Treadmill Crane
Connection lost

Rejoining the realm…

Still unreachable

The connection could not be restored.

Session expired

The server has moved on; the page needs a fresh start.